 Dungeon Crawl Stone Soup version 0.31-a0-940-gdaa99269f9 (webtiles) character file.

Game seed: 17533855268723347060

35616 kae the Severer (level 13, -2/184 HPs)
             Began as a Hill Orc Fighter on Oct 20, 2023.
             Was a High Priest of Qazlal.
             Slain by a boulder beetle (6 damage)
             ... on level 3 of the Lair of Beasts.
             The game lasted 00:13:43 (14112 turns).

kae the Severer (Hill Orc Fighter)                 Turns: 14112, Time: 00:13:43

Health: -2/184     AC: 29    Str: 24    XL:     13   Next: 85%
Magic:  22/22      EV:  2    Int:  8    God:    Qazlal [*****.]
Gold:   705        SH: 18    Dex: 10    Spells: 12/12 levels left

rFire   . . .        b - +0 war axe (flame)
rCold   + . .        U - +3 kite shield {rC+}
rNeg    . . .        Q - melded +0 scale mail
rPois   +            k - melded +0 helmet
rElec   .            (cloak currently unavailable)
rCorr   .            m - melded +1 pair of gloves {infuse}
SInv    .            (boots currently unavailable)
Will    .....        s - amulet of magic regeneration
Stlth   +            E - +5 ring of evasion
HPRegen 0.50/turn    L - ring of flight
MPRegen 0.58/turn

%: repel missiles
@: tree-form, protected from physical damage
A: stationary, stasis, torment immunity, boosted hp
a: Renounce Religion, Upheaval, Elemental Force, Disaster Area


You were on level 3 of the Lair of Beasts.
You worshipped Qazlal.
Qazlal was extremely pleased with you.
You were a tree.
You visited 3 branches of the dungeon, and saw 17 of its levels.
You also visited: Bailey and Ice Cave.

You collected 812 gold pieces.
You spent 107 gold pieces at shops.


   Skills:
 + Level 13.9 Fighting
 * Level 17.4 Axes
 - Level 8.0 Armour
 - Level 6.0 Dodging
 - Level 5.0 Shields
 - Level 13.0 Invocations
 - Level 6.0 Evocations


You had 12 spell levels left.
You didn't know any spells.
Your spell library contained the following spells:

 Spells                   Type           Power      Damage    Failure   Level
 Magic Dart               Conj           0%         1d3       65%         1
 Call Imp                 Summ           0%         N/A       80%         2
 Scorch                   Fire           0%         2d5       80%         2
 Ignite Poison            Fire/Tmut/Pois 0%         N/A       95%         3
 Mephitic Cloud           Conj/Pois/Air  0%         N/A       95%         3
 Ozocubu's Armour         Ice            0%         N/A       95%         3
 Flame Wave               Conj/Fire      0%         2d4       100%        4
 Manifold Assault         Tloc           0%         N/A       100%        4
 Sticky Flame             Conj/Fire      0%         2d3       100%        4
 Dispersal                Tloc           0%         N/A       100%        6
 Simulacrum               Ice/Necr       0%         N/A       100%        6
 Summon Cactus Giant      Summ           0%         N/A       100%        6
 Ozocubu's Refrigeration  Ice            0%         4d7       100%        7
 Disjunction              Tloc           0%         N/A       100%        8
 Ignition                 Fire           0%         3d3       100%        8
 Polar Vortex             Ice            0%         N/A       100%        9

Inventory:

Hand Weapons
 a - a +1 heavy war axe
 b - a +0 war axe of flaming (weapon)
   (You bought it in a shop on level 10 of the Dungeon)
Missiles
 c - 34 stones
 j - 19 poisoned darts
 w - 12 boomerangs
 D - a throwing net {=f!f}
 P - 2 javelins
 V - 2 curare-tipped darts {=f}
Armour
 f - a +0 tower shield of cold resistance
   (You found it in an ice cave)
 k - a +0 helmet (melded)
   (You found it on level 1 of the Dungeon)
 m - a +1 pair of gloves of infusion (melded)
   (You found it on level 1 of the Dungeon)
 Q - a +0 scale mail (melded)
 U - a +3 kite shield of cold resistance (worn)
   (You found it in an ice cave)
Magical Staves
 e - a staff of cold {!a}
   (You found it in an ice cave)
 u - a staff of cold {!a}
   (You found it on level 12 of the Dungeon)
Jewellery
 s - an amulet of magic regeneration (around neck)
   (You found it on level 3 of the Dungeon)
 E - a +5 ring of evasion (left branch)
   (You found it on level 3 of the Dungeon)
 F - a ring of protection from fire
   (You found it on level 3 of the Dungeon)
 L - a ring of flight (right branch)
   (You found it on level 6 of the Dungeon)
 T - an amulet of faith {!P}
   (You found it on level 12 of the Dungeon)
Wands
 y - a wand of charming (48)
   (You took it off a gnoll on level 6 of the Dungeon)
 J - a wand of iceblast (8)
   (You found it on level 9 of the Dungeon)
 K - a wand of mindburst (12)
   (You found it on level 7 of the Dungeon)
 M - a wand of polymorph (9)
   (You found it on level 7 of the Dungeon)
 R - a wand of flame (8)
   (You found it on level 10 of the Dungeon)
Scrolls
 i - 3 scrolls of vulnerability {!r!r}
 p - a scroll of blinking {!r}
 t - 3 scrolls of fear
 v - 6 scrolls of teleportation {@r4}
 x - a scroll of brand weapon
 B - a scroll of poison {!r}
 G - a scroll of identify {@r1}
 N - a scroll of immolation {!r!r}
Potions
 g - a potion of mutation {!q}
 h - 3 potions of lignification {!q}
 l - 5 potions of magic {unknown}
 n - 4 potions of resistance {unknown}
 o - 8 potions of enlightenment
 q - 4 potions of brilliance
 r - a potion of heal wounds {@q2}
 z - a potion of cancellation
 A - 2 potions of attraction {!q}
 C - 3 potions of degeneration {!q}
 H - 4 potions of curing {@q1}
 I - 4 potions of might
 O - a potion of haste {@q3}
 S - a potion of berserk rage {!q}
Miscellaneous
 d - a sack of spiders
   (You found it in a bailey)

Dungeon Overview and Level Annotations

Branches:
Dungeon (12/15) Zot: 26060  Temple (1/1) D:7 Zot: 5965    Lair (4/5) D:8 Zot: 22363
 Spider (0/4) Lair:2        Slime (0/5) Lair:4          Orc (0/2) D:12
 Bailey (visited)           IceCv (visited)
  Swamp: Lair:2-3    Shoals: Lair:2-3

Altars:
Ashenzari
Cheibriados
Dithmenos
Elyvilon
Fedhas
Gozag
Hepliaklqana
Kikubaaqudgha
Makhleb
Nemelex Xobeh
Okawaru
Qazlal
Ru
Sif Muna
Trog
Uskayaw
Vehumet
Wu Jian
Xom
Yredelemnul
Zin
The Shining One
Jiyva

Shops:
D:2 [   D:10 [=*(=

Annotations:
D:10 2 transporters, bmj180's ghost, journeyman HuCj
Lair:4 exclusion: oklob plant

.. ~ ... .. #..
..h #.# ....###
...#
.....##°#.#
#..°.°..#.#
#.°♣†.†....
#..§†☼B°.....
......).§§~~...
.........~P~P~~
.........~~~P~P
.........PP~~~P
.........#~~P~P
.......$.+~~~P≈


You could see a boulder beetle and a polar bear.


Message History

The boulder beetle bites you.
* * * LOW HITPOINT WARNING * * *
You feel more protected from physical attacks.
The komodo dragon hisses menacingly.
The blink frog blinks!
You block the wolf's attack. 😱 HP[-6]
You take 6 damage, and now have 29/184 hp.
Unknown command.
You hit the boulder beetle but do no damage.
You closely miss the komodo dragon. You closely miss the wolf.
You hit the bush. You burn the bush.
The komodo dragon is no longer moving slowly.
You block the wolf's attack. The boulder beetle bites you!
* * * LOW HITPOINT WARNING * * *
You feel more protected from physical attacks. 😱 HP[-14]
You take 14 damage, and now have 15/184 hp.
Unknown command.
You closely miss the wolf. You hit the bush but do no damage.
You hit the boulder beetle but do no damage.
You hit the komodo dragon. You burn the komodo dragon.
You hear an angry growl.
The wolf bites you but does no damage.
You block the komodo dragon's attack. 😱 HP[+1] Unknown command.
You hit the komodo dragon. You burn the komodo dragon.
You hit the boulder beetle but do no damage.
You hit the wolf. You burn the wolf. You hit the bush but do no damage.
You hear a howl!
You block the wolf's attack.
The boulder beetle bites you but does no damage.
You block the komodo dragon's attack. You block the wolf's attack.
Unknown command.
You closely miss the komodo dragon. You hit the bush but do no damage.
You hit the boulder beetle but do no damage.
You closely miss the wolf.
The boulder beetle leaps!
You block the wolf's attack.
The komodo dragon bites you but does no damage. 😱 HP[+1] Unknown command.
You closely miss the komodo dragon. You barely miss the wolf.
You slash the bush! You burn the bush. You block the wolf's attack.
The boulder beetle curls into a ball and begins rolling!
The komodo dragon bites you but does no damage.
You feel much better. You block the wolf's attack. x2
The komodo dragon bites you!
* * * LOW HITPOINT WARNING * * *
You feel more protected from physical attacks. 😱 HP[+12]
You regained 12 hp, and now have 29/184 hp.
You slice the komodo dragon!! You burn the komodo dragon.
You kill the komodo dragon!
Qazlal accepts your kill.
You hit the wolf. You burn the wolf. You hit the bush but do no damage.
The blink frog hits the bush!!
The bush is destroyed!
You block the wolf's attack.
The boulder beetle hits you but does no damage.
The boulder beetle stops rolling and uncurls. 😱 HP[+1]
You hit the wolf. You burn the wolf.
You kill the wolf!
Qazlal accepts your kill.
You hit the blink frog. You burn the blink frog.
You hit the boulder beetle but do no damage.
You hear a howl!
You block the blink frog's attack.
You hit the boulder beetle but do no damage.
You slash the blink frog! You burn the blink frog.
The boulder beetle bites you but does no damage.
The blink frog barely misses you. 😱 HP[+1]
You slash the blink frog! You burn the blink frog.
You kill the blink frog!
Qazlal accepts your kill.
You completely miss the boulder beetle. The boulder beetle bites you!
* * * LOW HITPOINT WARNING * * *
You feel more protected from physical attacks. 😱 HP[-13]
You take 13 damage, and now have 18/184 hp.
You cannot move.
You hit the boulder beetle. You burn the boulder beetle.
You block the boulder beetle's attack. 😱 HP[+1]
You hit the boulder beetle. You burn the boulder beetle.
A polar bear comes into view.
You block the boulder beetle's attack.
You slash the boulder beetle! You burn the boulder beetle.
The boulder beetle bites you!
* * * LOW HITPOINT WARNING * * *
You feel more protected from physical attacks. 😱 HP[-17]
You take 17 damage, and now have 2/184 hp.
You barely miss the boulder beetle. 😱 HP[+1]
You hit the boulder beetle. You burn the boulder beetle.
You block the boulder beetle's attack.
You hit the boulder beetle but do no damage.
The boulder beetle bites you.
You die...

Skill      XL: |  1  2  3  4  5  6  7  8  9 10 11 12 13 |
---------------+----------------------------------------+-----
Axes           | 3 4 5 6 7 8 10 14 16 17 | 17.4
Fighting       | 4 5 6 7 8 10 13 | 13.9
Invocations    | 1 2 3 4 6 13 | 13.0
Armour         | 7 8 |  8.0
Evocations     | 3 6 |  6.0
Dodging        | 6 |  6.0
Shields        | 5 |  5.0

Action                     |  1- 3 |  4- 6 |  7- 9 | 10-12 | 13-15 || total
---------------------------+-------+-------+-------+-------+-------++-------
  Melee: War axe           |    58 |    97 |   210 |   391 |   237 ||   993
 Invoke: Upheaval          |       |       |       |     2 |     1 ||     3
         Elemental Force   |       |       |       |       |     1 ||     1
  Evoke: Wand              |       |       |     5 |       |       ||     5
         Sack of spiders   |       |       |     1 |       |       ||     1
    Use: Scroll            |       |    12 |     3 |     6 |     3 ||    24
         Potion            |       |       |     1 |       |     6 ||     7
 Armour: Scale mail        |    49 |    55 |   120 |   185 |    99 ||   508
         Skin              |       |       |       |       |    24 ||    24
  Dodge: Dodged            |    26 |    50 |   146 |   210 |   108 ||   540
  Block: Buckler           |    12 |    28 |    55 |   111 |       ||   206
         Kite shield       |       |       |       |    65 |   219 ||   284

Levels and vault maps discovered:
D:1:      dpeg_arrival_simpleton_a, layout_basic
D:2:      layout_basic, hellmonk_ecumenical_altar_crossroads, serial_shops,
          shop, basic_altar
D:3:      layout_basic
D:4:      layout_basic, bh_walls_and_bars, uniq_menkaure
D:5:      layout_rooms, makhleb_altar_promises_db
D:6:      layout_loops_cross, uniq_blork_the_orc
D:7:      layout_gridville, minmay_temple_entry_trees, enter_bailey_6,
          uniq_pikel
D:8:      layout_basic, grunt_lair_entry_orc_guard_hut
D:9:      layout_loops_cross, jiyva_altar_1
D:10:     layout_basic, gammafunk_ghost_berserking_beasts, serial_shops, shop,
          nicolae_shop_peninsula, nicolae_shop_real_fake_doors, shop,
          nicolae_shop_window_shopping, mrwooster_statue_mirror, st_stairs_7,
          hangedman_abyss_or_decor_stabs, minivault_26,
          eino_small_chamber_without_monster
D:11:     layout_loops_ring, serial_aquarium, aquarium_bridge_straight
          [aquarium_subvault_bridge, aquarium_subvault_balcony,
          aquarium_subvault_bridge, aquarium_subvault_wall],
          aquarium_window_corridor_1, aquarium_window_fake, aquarium_view_2d,
          aquarium_view_2b, aquarium_pool_2, portal_ice_cave_rime
D:12:     layout_gridville, david_orc_2, nrook_guardian_serpent_double
Temple:   nicolae_temple_bog_church
Lair:1:   lemuel_ratsnest, layout_regular_city, uniq_nergalle
Lair:2:   layout_cellular_growth, elwin_shoals_entry_rocks,
          nicolae_spider_entry_tight_spaces, lemuel_fruit_tree, uniq_urug,
          uniq_gastronok, uniq_harold
Lair:3:   layout_roguey, nicolae_volcano_entry_two_sided, lemuel_fruit_fields,
          infiniplex_staircase_pool_2, serial_bayou_shore_a
Lair:4:   lemuel_slime, layout_long_grid, slime_entry_1,
          infiniplex_staircase_pool, uniq_sonja, uniq_josephine, uniq_snorg

Notes
Turn   | Place    | Note
-------+----------+-------------------------------------------
     0 | D:1      | kae the Hill Orc Fighter began the quest for the Orb.
     0 | D:1      | Reached XP level 1. HP: 19/19 MP: 1/1
     0 | D:1      | magus.rc [v1.11.3]
    39 | D:1      | Reached skill level 3 in Axes
   107 | D:1      | You pick up a book of Scorching and begin reading...
   107 | D:1      | You add the spells Scorch, Flame Wave and Summon Cactus
                  | Giant to your library.
   137 | D:1      | Reached XP level 2. HP: 27/27 MP: 2/2
   238 | D:1      | You add the spells Ignite Poison, Sticky Flame and Ignition
                  | to your library.
   308 | D:1      | Reached skill level 4 in Fighting
   682 | D:2      | Found Hirhad's Antique Armour Shop.
   836 | D:2      | Reached skill level 4 in Axes
   836 | D:2      | Reached XP level 3. HP: 22/33 MP: 0/3
   910 | D:2      | Found a basalt altar of Yredelemnul.
   978 | D:2      | Reached XP level 4. HP: 41/41 MP: 0/4
  1038 | D:2      | You pick up a book of Scorching and begin reading...
  1275 | D:2      | Found a faded altar of an unknown god.
  1510 | D:3      | Reached skill level 5 in Axes
  1803 | D:3      | You pick up a book of Ice and begin reading...
  1803 | D:3      | You add the spells Simulacrum, Ozocubu's Refrigeration and
                  | Polar Vortex to your library.
  2208 | D:3      | Reached skill level 1 in Invocations
  2217 | D:3      | Reached XP level 5. HP: 30/47 MP: 0/6
  2505 | D:4      | Noticed Menkaure
  2522 | D:4      | Killed Menkaure
  2523 | D:4      | Reached skill level 5 in Fighting
  2523 | D:4      | Reached skill level 6 in Axes
  2523 | D:4      | Reached skill level 2 in Invocations
  2523 | D:4      | Reached XP level 6. HP: 19/56 MP: 1/7
  2781 | D:4      | Reached skill level 3 in Invocations
  3258 | D:5      | Entered Level 5 of the Dungeon
  3266 | D:5      | Reached skill level 7 in Axes
  3270 | D:5      | Noticed an ice beast
  3284 | D:5      | Killed an ice beast
  3285 | D:5      | Reached XP level 7. HP: 44/62 MP: 5/9
  3386 | D:5      | Reached skill level 6 in Fighting
  3386 | D:5      | Reached skill level 8 in Axes
  3386 | D:5      | Reached skill level 4 in Invocations
  3413 | D:5      | Identified the +1 leather armour "Pefaa" {+Inv}
  3568 | D:5      | Found a burning altar of Makhleb.
  3568 | D:5      | Noticed a balrug
  3571 | D:5      | Noticed a hellwing
  3571 | D:5      | Noticed a ynoxinul
  3885 | D:6      | Reached XP level 8. HP: 68/71 MP: 8/11
  3886 | D:6      | Reached skill level 5 in Invocations
  3888 | D:6      | Reached skill level 9 in Axes
  3893 | D:6      | Reached skill level 7 in Fighting
  3965 | D:6      | Reached skill level 10 in Axes
  4011 | D:6      | Reached skill level 6 in Invocations
  4322 | D:6      | Identified the +5 dagger of Accidental Termination {freeze,
                  | Dex+2}
  4426 | D:6      | Noticed Blork the orc
  4441 | D:6      | Killed Blork the orc
  4442 | D:6      | Reached XP level 9. HP: 32/80 MP: 13/13
  4448 | D:6      | Reached skill level 11 in Axes
  4458 | D:6      | HP: 19/81 [iguana (10)]
  4556 | D:6      | Reached skill level 8 in Fighting
  4946 | D:7      | Reached skill level 12 in Axes
  5073 | D:7      | Found a flagged portal.
  5077 | D:7      | Reached skill level 13 in Axes
  5088 | Bailey   | Entered a bailey
  5143 | Bailey   | Noticed an orc knight
  5234 | Bailey   | HP: 14/81 [orc warrior/+0 broad axe (24)]
  5550 | Bailey   | Killed an orc knight
  5551 | Bailey   | Reached skill level 14 in Axes
  5558 | Bailey   | Reached XP level 10. HP: 27/88 MP: 12/14
  5915 | D:7      | Identified the +0 mace "Kibef" {flame, *Slow rPois rC+++
                  | rN+}
  6072 | D:7      | Noticed Pikel
  6078 | D:7      | Killed Pikel
  6079 | D:7      | Reached skill level 15 in Axes
  6150 | D:7      | Found a staircase to the Ecumenical Temple.
  6160 | Temple   | Entered the Ecumenical Temple
  6177 | Temple   | Became a worshipper of Qazlal Stormbringer
  6529 | D:8      | You pick up a book of the Warp and begin reading...
  6529 | D:8      | You add the spells Manifold Assault, Dispersal and
                  | Disjunction to your library.
  6715 | D:8      | Reached skill level 16 in Axes
  6721 | D:8      | Reached skill level 4 in Armour
  6777 | D:8      | Found a staircase to the Lair.
  6919 | D:8      | Reached skill level 5 in Armour
  7031 | D:8      | Identified the +6 trident of Taxusus {venom, MP+9 Str+2
                  | Stlth+}
  7246 | D:9      | Reached * piety under Qazlal
  7247 | D:9      | Reached skill level 6 in Armour
  7250 | D:9      | Reached skill level 1 in Evocations
  7331 | D:9      | Noticed a two-headed ogre
  7339 | D:9      | Killed a two-headed ogre
  7340 | D:9      | Reached skill level 7 in Armour
  7340 | D:9      | Reached skill level 2 in Evocations
  7511 | D:9      | Reached skill level 3 in Evocations
  7747 | D:9      | Reached XP level 11. HP: 72/94 MP: 13/15
  7753 | D:9      | Reached skill level 8 in Armour
  7763 | D:9      | Reached skill level 4 in Evocations
  7981 | D:9      | Found a viscous altar of Jiyva.
  7989 | D:9      | Reached ** piety under Qazlal
  8188 | D:10     | Entered Level 10 of the Dungeon
  8191 | D:10     | Noticed a two-headed ogre
  8196 | D:10     | Killed a two-headed ogre
  8197 | D:10     | Reached skill level 5 in Evocations
  8210 | D:10     | Reached skill level 6 in Evocations
  8311 | D:10     | Found Alarph's Jewellery Shoppe.
  8436 | D:10     | Found Veacw's Weapon Shop.
  8441 | D:10     | Reached skill level 1 in Dodging
  8455 | D:10     | Reached skill level 2 in Dodging
  8504 | D:10     | Bought a +0 war axe of flaming for 107 gold pieces
  8514 | D:10     | You pick up a book of Minor Magic and begin reading...
  8514 | D:10     | You add the spells Magic Dart, Call Imp and Mephitic Cloud
                  | to your library.
  8695 | D:10     | Found Xisich's Jewellery Emporium.
  8783 | D:10     | Found Mov Naigue's General Store.
  8851 | D:10     | Found a transporter.
  8853 | D:10     | Noticed a moth of wrath
  8853 | D:10     | Noticed bmj180's ghost (journeyman HuCj)
  8857 | D:10     | Noticed a catoblepas
  8903 | D:10     | Found a transporter.
  9040 | D:10     | Found Esannuf's Armour Shop.
  9147 | D:11     | Noticed a two-headed ogre
  9151 | D:11     | HP: 23/94 [two-headed ogre/+0 giant spiked club (14)]
  9152 | D:11     | Killed a two-headed ogre
  9153 | D:11     | Reached skill level 3 in Dodging
  9386 | D:11     | Found a frozen archway.
  9392 | D:11     | Reached skill level 4 in Dodging
  9413 | IceCv    | Entered an ice cave
  9435 | IceCv    | Reached skill level 5 in Dodging
  9541 | IceCv    | Noticed a white ugly thing
  9547 | IceCv    | Killed a white ugly thing
  9737 | IceCv    | Reached skill level 6 in Dodging
  9739 | IceCv    | Reached *** piety under Qazlal
  9748 | IceCv    | Reached skill level 4 in Shields
  9762 | IceCv    | Reached skill level 5 in Shields
  9769 | IceCv    | Reached XP level 12. HP: 59/101 MP: 13/17
  9777 | IceCv    | Reached skill level 7 in Invocations
  9796 | IceCv    | Reached skill level 8 in Invocations
 10009 | IceCv    | Reached skill level 9 in Invocations
 10012 | IceCv    | Noticed a death yak
 10021 | IceCv    | Killed a death yak
 10070 | IceCv    | Reached skill level 10 in Invocations
 10387 | IceCv    | Noticed an ironbound frostheart
 10389 | IceCv    | Noticed an ironbound frostheart
 10550 | IceCv    | Killed an ironbound frostheart
 10551 | IceCv    | Reached skill level 11 in Invocations
 10736 | IceCv    | Killed an ironbound frostheart
 10742 | IceCv    | Reached skill level 12 in Invocations
 11660 | D:12     | Noticed a boulder beetle
 11676 | D:12     | Killed a boulder beetle
 11860 | D:12     | Reached skill level 13 in Invocations
 12078 | D:12     | Reached **** piety under Qazlal
 12085 | D:12     | Identified the +3 robe of the Red God {rPois rN+ Int+3}
 12087 | D:12     | Noticed a centaur warrior
 12091 | D:12     | Reached skill level 9 in Fighting
 12098 | D:12     | Killed a centaur warrior
 12099 | D:12     | Reached skill level 10 in Fighting
 12099 | D:12     | Reached XP level 13. HP: 98/114 MP: 1/22
 12106 | D:12     | Found a staircase to the Orcish Mines.
 12504 | D:15     | Identified the "Ucanucw"
 12504 | Lair:1   | Entered Level 1 of the Lair of Beasts
 12516 | Lair:1   | Reached skill level 11 in Fighting
 12707 | Lair:1   | Reached skill level 12 in Fighting
 12923 | Lair:1   | Noticed Nergalle
 12931 | Lair:1   | Killed Nergalle
 13439 | Lair:1   | Reached skill level 13 in Fighting
 13449 | Lair:1   | Reached ***** piety under Qazlal
 13851 | Lair:2   | Found a hole to the Spider Nest.
 13851 | Lair:2   | You are sucked into a shaft and drop 2 floors!
 13854 | Lair:4   | Noticed Sonja
 13857 | Lair:4   | Noticed Josephine
 13866 | Lair:4   | Killed Josephine
 13884 | Lair:4   | Killed Sonja
 13885 | Lair:4   | Reached skill level 17 in Axes
 13971 | Lair:4   | Found a viscous altar of Jiyva.
 13972 | Lair:4   | Found a staircase to the Slime Pits.
 14062 | Lair:4   | HP: 27/123 [three-headed hydra (9)]
 14063 | Lair:4   | HP: 12/123 [komodo dragon (10)]
 14063 | Lair:4   | HP: 2/123 [acid (9)]
 14083 | Lair:3   | HP: 46/184 [water moccasin (1)]
 14089 | Lair:3   | HP: 32/184 [boulder beetle (7)]
 14096 | Lair:3   | HP: 29/184 [boulder beetle (6)]
 14102 | Lair:3   | HP: 29/184 [komodo dragon (15)]
 14109 | Lair:3   | HP: 2/184 [boulder beetle (17)]
 14112 | Lair:3   | Slain by a boulder beetle

Vanquished Creatures
  Josephine (Lair:4)
  A hydra (Lair:4)
  A centaur warrior (D:12)
  A boulder beetle (D:12)
  2 ironbound frosthearts (IceCv)
  3 two-headed ogres
  A death yak (IceCv)
  Sonja (Lair:4)
  Nergalle (Lair:1)
  An orc knight (Bailey)
  Pikel (D:7)
  An ugly thing (IceCv)
  3 elephants (Lair:1)
  A black mamba (Lair:1)
  A guardian serpent (D:12)
  2 cane toads (Lair:1)
  An ice statue (IceCv)
  An unseen horror (D:12)
  4 rime drakes
  5 komodo dragons
  4 trolls
  12 polar bears
  2 hornets
  4 blink frogs
  3 slime creatures (D:12)
  7 wraiths
  A vampire (D:12)
  3 wyverns
  41 yaks
  A basilisk (Lair:2)
  2 steam dragons
  Menkaure (D:4)
  3 vampire mosquitoes (D:12)
  8 water moccasins
  An acid dragon (D:11)
  5 orc warriors
  5 ice beasts
  2 black bears
  A centaur (D:6)
  34 wolves
  2 lemures (D:7)
  2 phantoms
  Blork the orc (D:6)
  6 kobold brigands
  6 scorpions
  12 bullfrogs
  A gnoll sergeant (D:10)
  10 wights
  A howler monkey (D:11)
  5 hounds
  10 orc priests
  12 jellies
  5 orc wizards
  2 iguanas
  4 hell rats (Lair:1)
  15 gnolls
  An adder (D:3)
  19 river rats (Lair:1)
  2 shadow imps (D:8)
  2 ufetubi (D:5)
  2 dart slugs
  34 orcs
  10 endoplasms
  2 giant cockroaches
  6 goblins
  9 hobgoblins
  4 jackals (D:3)
  41 kobolds
  9 quokkas
  4 ball pythons
  9 bats
  A frilled lizard (D:1)
  10 rats
432 creatures vanquished.

Table legend:
 A = Non-vault XP
 B = Vault XP
 C = Vault XP percentage of total XP
 D = Non-vault monster count
 E = Vault monster count
 F = Vault count percentage of total count
                 A         B        C        D         E       F
            +---------+---------+-------+---------+---------+-------
      Total |   30100 |   20781 |  40.8 |     279 |     151 |  35.1
            +---------+---------+-------+---------+---------+-------
        D:1 |      27 |       0 |   0.0 |      17 |       0 |   0.0
        D:2 |      59 |       0 |   0.0 |      12 |       0 |   0.0
        D:3 |      85 |       0 |   0.0 |      20 |       0 |   0.0
        D:4 |     157 |     175 |  52.7 |      13 |       1 |   7.1
        D:5 |     640 |       0 |   0.0 |      14 |       0 |   0.0
        D:6 |    1502 |      99 |   6.2 |      29 |       1 |   3.3
        D:7 |     929 |     629 |  40.4 |      13 |       1 |   7.1
        D:8 |     687 |     948 |  58.0 |      13 |       6 |  31.6
        D:9 |    2803 |     167 |   5.6 |      34 |       4 |  10.5
       D:10 |    2754 |     209 |   7.1 |      26 |       1 |   3.7
       D:11 |    1944 |     749 |  27.8 |      10 |       2 |  16.7
       D:12 |    5249 |     589 |  10.1 |      17 |       8 |  32.0
     Lair:1 |    6204 |    1965 |  24.1 |      29 |      42 |  59.2
     Lair:2 |    2947 |       0 |   0.0 |      15 |       0 |   0.0
     Lair:3 |    1525 |       0 |   0.0 |       7 |       0 |   0.0
     Lair:4 |    2588 |    2915 |  53.0 |      10 |      15 |  60.0
     Bailey |       0 |    1133 | 100.0 |       0 |      24 | 100.0
      IceCv |       0 |   11203 | 100.0 |       0 |      46 | 100.0
            +---------+---------+-------+---------+---------+-------

Skill      XL: |  1  2  3  4  5  6  7  8  9 10 11 12 13 |
---------------+----------------------------------------+-----
Axes           | 3 4 5 6 7 8 10 14 16 17 | 17.4
Fighting       | 4 5 6 7 8 10 13 | 13.9
Invocations    | 1 2 3 4 6 13 | 13.0
Armour         | 7 8 |  8.0
Evocations     | 3 6 |  6.0
Dodging        | 6 |  6.0
Shields        | 5 |  5.0

Action                     |  1- 3 |  4- 6 |  7- 9 | 10-12 | 13-15 || total
---------------------------+-------+-------+-------+-------+-------++-------
  Melee: War axe           |    58 |    97 |   210 |   391 |   237 ||   993
 Invoke: Upheaval          |       |       |       |     2 |     1 ||     3
         Elemental Force   |       |       |       |       |     1 ||     1
  Evoke: Wand              |       |       |     5 |       |       ||     5
         Sack of spiders   |       |       |     1 |       |       ||     1
    Use: Scroll            |       |    12 |     3 |     6 |     3 ||    24
         Potion            |       |       |     1 |       |     6 ||     7
 Armour: Scale mail        |    49 |    55 |   120 |   185 |    99 ||   508
         Skin              |       |       |       |       |    24 ||    24
  Dodge: Dodged            |    26 |    50 |   146 |   210 |   108 ||   540
  Block: Buckler           |    12 |    28 |    55 |   111 |       ||   206
         Kite shield       |       |       |       |    65 |   219 ||   284

Illustrated notes

Table legend:
 A = Kills in this place as a percentage of kills in the entire game.
 B = Kills by you in this place as a percentage of kills by you in the entire game.
 C = Kills by friends in this place as a percentage of kills by friends in the entire game.
 D = Other kills in this place as a percentage of other kills in the entire game.
 E = Experience gained in this place as a percentage of experience gained in the entire game.
 F = Experience gained in this place divided by the number of levels of this place that you have seen.
                   A       B       C       D       E      F
               +-------+-------+-------+-------+-------+----------------------
         Total | 100.0 | 100.0 |   N/A |   N/A | 100.0 | 2677.9
       Dungeon |  56.3 |  56.3 |   N/A |   N/A |  40.1 | 1700.1
          Lair |  27.4 |  27.4 |   N/A |   N/A |  35.7 | 4536.0
        Bailey |   5.6 |   5.6 |   N/A |   N/A |   2.2 | 1133.0
      Ice Cave |  10.7 |  10.7 |   N/A |   N/A |  22.0 | 11203.0
               +-------+-------+-------+-------+-------+----------------------

Table legend: (Time is in decaauts)
 A = Elapsed time spent in this place.
 B = Non-inter-level travel time spent in this place.
 C = Inter-level travel time spent in this place.
 D = Time resting spent in this place.
 E = Time spent auto-exploring this place.
 F = Levels seen in this place.
 G = Mean time per level.
                   A        B        C        D        E       F      G
               +--------+--------+--------+--------+--------+-----+--------+
         Total |  14260 |  13835 |    425 |    651 |  10771 |  19 |  750.5 |
       Dungeon |  10304 |   9933 |    371 |    153 |   8274 |  12 |  858.7 |
        Temple |     34 |      1 |     33 |      0 |      0 |   1 |   34.0 |
          Lair |   1635 |   1615 |     20 |      0 |   1238 |   4 |  408.8 |
        Bailey |    757 |    757 |      0 |    194 |    343 |   1 |  757.0 |
      Ice Cave |   1529 |   1529 |      0 |    304 |    916 |   1 | 1529.0 |
               +--------+--------+--------+--------+--------+-----+--------+

Top non-repeatable levels by time:
   IceCv: 1529 daAuts
  Lair:1: 1169 daAuts
    D:10: 1166 daAuts
     D:3: 1091 daAuts
     D:6: 992 daAuts
     D:9: 975 daAuts
    D:12: 884 daAuts
     D:8: 845 daAuts
     D:4: 845 daAuts
     D:7: 761 daAuts
  Bailey: 757 daAuts
    D:11: 750 daAuts
     D:1: 682 daAuts
     D:2: 676 daAuts
     D:5: 631 daAuts
